 Dungeon Sprint DCSS version 0.30.0-29-ga12c61a403 (webtiles) character file.

Game seed: 8276018788151880768

2468 Groucho the Blocker (level 9, -2/64 HPs)
             Began as a Gargoyle Fighter on June 25, 2023.
             Was an Elder of Qazlal.
             Killed from afar by an efreet (26 damage)
             ... with a fireball
             ... in the Dungeon (Sprint VII: "The Pits").
             The game lasted 00:03:04 (1343 turns).

Groucho the Blocker (Gargoyle Fighter)              Turns: 1343, Time: 00:03:04

Health: -2/64      AC: 21    Str: 24    XL:     9   Next: 51%
Magic:  11/16      EV:  8    Int:  9    God:    Qazlal [****..]
Gold:   0          SH: 11    Dex:  9    Spells: 8/8 levels left

rFire   . . .        n - +2 flail (heavy)
rCold   . . .        c - +0 buckler
rNeg    + . .        o - +3 chain mail
rPois   ∞            (no helmet)
rElec   +            (no cloak)
rCorr   .            (no gloves)
SInv    .            (no boots)
Will    .....        (no amulet) Stlth
                     (no ring)
HPRegen 0.30/turn    (no ring)
MPRegen 0.15/turn

%: no teleportation, repel missiles
@: no status effects
A: sickness immunity, AC +6, negative energy resistance 1, electricity
resistance, torment resistance 1, petrification resistance
a: Renounce Religion, Upheaval, Elemental Force


You were in the Dungeon.
You worshipped Qazlal.
Qazlal was greatly pleased with you.
You visited 1 branch

Inventory:

Hand Weapons
 n - a +2 heavy flail (weapon)
Armour
 c - a +0 buckler (worn)
 o - a +3 chain mail (worn)
Wands
 a - a wand of iceblast (6)
Scrolls
 j - a scroll of blinking
 l - 5 scrolls of amnesia
 m - a scroll of summoning
Potions
 d - a potion of might
 e - 6 potions of curing
 f - 4 potions of heal wounds
 g - a potion of haste
 h - 3 potions of magic
 i - 3 potions of berserk rage
 k - 2 potions of invisibility


   Skills:
 + Level 11.0 Fighting
 + Level 9.9 Maces & Flails
 + Level 11.0 Armour
 + Level 11.1 Shields
 + Level 10.5 Invocations


You had 8 spell levels left.
You didn't know any spells.
Your spell library was empty.

Dungeon Overview and Level Annotations

Branches:
Dungeon (1/1)

Altars:
Ashenzari
Cheibriados
Dithmenos
Elyvilon
Fedhas
Gozag
Hepliaklqana
Kikubaaqudgha
Makhleb
Nemelex Xobeh
Okawaru
Qazlal
Ru
Sif Muna
Trog
Uskayaw
Vehumet
Wu Jian
Xom
Yredelemnul
Zin
The Shining One
Jiyva
Lugonu


Innate Abilities, Weirdness & Mutations

You are immune to sickness and miasma.
Your stone body is resilient. (AC +6)
You are immune to poison.
You resist negative energy. (rN+)
You are resistant to electric shocks. (rElec)
You are resistant to unholy torment.
You are immune to petrification.


Message History

Qazlal accepts your kill.
The cutting wind hits the orc warrior!!!
You kill the orc warrior!
Qazlal accepts your kill.
An efreet comes into view.
It is wielding a +0 scimitar of flaming.
You block the troll's attack. The troll claws you but does no damage.
The troll claws you.
Unknown command.
Unknown command.
You hit the troll but do no damage.
The troll is almost dead.
The troll bites you. The troll claws you but does no damage.
You block the troll's attack.
Unknown command.
Unknown command.
You barely miss the troll.
The troll is almost dead.
The troll bites you but does no damage. The troll claws you but does no damage.
The troll closely misses you.
Unknown command.
Unknown command.
You bludgeon the troll!!
You kill the troll!
Qazlal accepts your kill.
The storm surrounding you is now powerful enough to repel missiles.
You will now adapt resistances upon receiving elemental damage.
The orc hits you but does no damage. The efreet gestures at you.
The bolt of fire hits the orc!
The orc dies!
The bolt of fire misses you.
Your Fighting skill increases to level 11!
Your Armour skill increases to level 11!
Your Shields skill increases to level 11!
A black mamba comes into view.
The black mamba hisses angrily.
An orc knight comes into view. It is wielding a +0 long sword.
The efreet gestures at you.
The fireball explodes!
The fireball engulfs you!!
You die...

.............+
.............+
...#..#......#
.............#
'#####''#####
....##''################
....##..#......).......#
....##..##..So.R).......
<...##..#### #@######
....##..#..#####.##...##+##
....##..#....##.☼.#...#...#
....##..'.....#...#...#...#
######..'.....'...')..'...+
#..'.....#...#...#...#
#..#....##...#...#...#
#..#..#####.##...##+##
#..#### #+######


You could see an orc knight, a black mamba and an efreet.

Vanquished Creatures
  An anaconda (D)
  An elephant (D)
  An orange demon (D)
  An efreet (D)
  A troll (D)
  A flying skull (D)
  A redback (D)
  A swamp drake (D)
  2 orc warriors (D)
  A necrophage (D)
  2 scorpions (D)
  An iron imp (D)
  A gnoll (D)
  An ufetubus (D)
  An orc (D)
  A bat skeleton (D)
  A goblin (D)
  A quokka (D)
  A ball python (D)
  A frilled lizard (D)
  A kobold (D)
23 creatures vanquished.

Vanquished Creatures (others)
  An orc (D)
1 creature vanquished.

Grand Total: 24 creatures vanquished

Notes
Turn   | Place    | Note
-------+----------+-------------------------------------------
     0 | D        | Groucho the Gargoyle Fighter began the quest for the Orb.
     0 | D        | Reached XP level 1. HP: 14/14 MP: 1/1
    37 | D        | Found a bloodstained altar of Trog.
    37 | D        | Found a shimmering blue altar of Sif Muna.
    37 | D        | Found a viscous altar of Jiyva.
    37 | D        | Found a hazy altar of Hepliaklqana.
    37 | D        | Found an opulent altar of Gozag.
    38 | D        | Found a glowing golden altar of the Shining One.
    38 | D        | Found a glowing silver altar of Zin.
    38 | D        | Found a basalt altar of Yredelemnul.
    38 | D        | Found a shimmering altar of Xom.
    38 | D        | Found an ornate altar of the Wu Jian Council.
    38 | D        | Found a sacrificial altar of Ru.
    38 | D        | Found a stormy altar of Qazlal.
    38 | D        | Found an iron altar of Okawaru.
    38 | D        | Found a sparkling altar of Nemelex Xobeh.
    38 | D        | Found a burning altar of Makhleb.
    38 | D        | Found a blossoming altar of Fedhas.
    38 | D        | Found a white marble altar of Elyvilon.
    38 | D        | Found a shadowy altar of Dithmenos.
    38 | D        | Found a snail-covered altar of Cheibriados.
    40 | D        | Found a radiant altar of Vehumet.
    40 | D        | Found a corrupted altar of Lugonu.
    41 | D        | Found a hide-covered altar of Uskayaw.
    41 | D        | Found an ancient bone altar of Kikubaaqudgha.
    41 | D        | Found a broken altar of Ashenzari.
    47 | D        | Became a worshipper of Qazlal Stormbringer
    76 | D        | Reached skill level 1 in Invocations
    76 | D        | Reached XP level 2. HP: 17/20 MP: 1/3
   267 | D        | Noticed a scorpion
   267 | D        | Noticed a scorpion
   279 | D        | Killed a scorpion
   279 | D        | Reached * piety under Qazlal
   280 | D        | Reached skill level 5 in Fighting
   280 | D        | Reached skill level 5 in Armour
   280 | D        | Reached skill level 5 in Shields
   280 | D        | Reached XP level 3. HP: 26/26 MP: 3/5
   280 | D        | Reached XP level 4. HP: 31/31 MP: 3/6
   287 | D        | Killed a scorpion
   288 | D        | Reached XP level 5. HP: 24/36 MP: 4/8
   455 | D        | Reached ** piety under Qazlal
   457 | D        | Noticed a flying skull
   459 | D        | Killed a flying skull
   460 | D        | Reached XP level 6. HP: 44/44 MP: 8/10
   535 | D        | Noticed a redback
   538 | D        | Reached *** piety under Qazlal
   540 | D        | Killed a redback
   541 | D        | Reached XP level 7. HP: 47/49 MP: 1/12
   733 | D        | Noticed an orange demon
   733 | D        | Noticed an anaconda
   734 | D        | Noticed an efreet
   734 | D        | Noticed an elephant
   740 | D        | Killed an efreet
   744 | D        | Killed an anaconda
   745 | D        | Reached XP level 8. HP: 39/57 MP: 1/14
   745 | D        | Killed an elephant
   746 | D        | Reached skill level 10 in Fighting
   746 | D        | Reached skill level 10 in Armour
   746 | D        | Reached skill level 10 in Shields
   746 | D        | Reached XP level 9. HP: 43/62 MP: 1/16
   748 | D        | Killed an orange demon
   749 | D        | Reached skill level 10 in Invocations
  1332 | D        | Noticed a troll
  1339 | D        | Noticed an efreet
  1342 | D        | Killed a troll
  1342 | D        | Reached **** piety under Qazlal
  1343 | D        | Noticed a black mamba
  1343 | D        | Noticed an orc knight
  1343 | D        | Killed from afar by an efreet

Illustrated notes

Levels and vault maps discovered:
D:        pitsprint [storerooms_1, entrance_room_1, metal_vault_1, armoury_2,
          mini_pit_1, grid_room_1, main_hall_1, silver_pit, the_coven_1,
          the_vestibule_1, steel_vault_5, golden_pit, hallway_of_sentries,
          crystal_vault_4, iron_vault_1, final_vault]

Skill      XL: |  1  2  3  4  5  6  7  8  9 |
---------------+----------------------------+-----
Invocations    | 1 3 4 6 7 9 10 | 10.5
Fighting       | 5 7 8 9 10 11 | 11.0
Maces & Flails | 3 4 6 7 8 9 |  9.9
Armour         | 5 7 8 9 10 11 | 11.0
Shields        | 5 7 8 9 10 11 | 11.1

Action                     |  1- 3 |  4- 6 |  7- 9 || total
---------------------------+-------+-------+-------++-------
  Melee: Mace              |    14 |    23 |       ||    37
         Flail             |     2 |     2 |    20 ||    24
 Invoke: Upheaval          |       |     3 |    11 ||    14
    Use: Potion            |       |       |     3 ||     3
 Armour: Scale mail        |    13 |    11 |       ||    24
         Chain mail        |       |     1 |    33 ||    34
  Dodge: Dodged            |     9 |    17 |    12 ||    38
  Block: Buckler           |     6 |     6 |    20 ||    32
